 Dungeon Crawl Stone Soup version 0.25-a0-829-g4e6a552925 (webtiles) character file.

Game seed: 377327720616873257, levelgen mode: deterministic

35995 Glundar the Blocker (level 13, 0/119 HPs)
             Began as a Minotaur Fighter on Apr 21, 2020.
             Was the Champion of Okawaru.
             Slain by a minotaur
             ... wielding the +4 great sword of Zodomn {freeze, rN++}
              (11 damage)
             ... in a Gauntlet.
             The game lasted 01:22:14 (17462 turns).

Glundar the Blocker (Minotaur Fighter)             Turns: 17462, Time: 01:22:15

Health: 0/119      AC: 22    Str: 30    XL:     13   Next: 50%
Magic:  12/12      EV: 13    Int:  5    God:    Okawaru [******]
Gold:   734        SH: 15    Dex: 22    Spells: 12/12 levels left

rFire    + . .     SeeInvis .   a - +10 broad axe of the Ancients {freeze, rF+ Dex+4}
rCold    . . .     Gourm    .   B - +0 kite shield of Distant Worlds {rElec Dex+4}
rNeg     . . .     Faith    .   R - +0 plate armour
rPois    .         Spirit   .   w - +0 hat "Miogouro" {MR- Str+2 Dex+3}
rElec    +         Reflect  .   E - +2 cloak
rCorr    .         Harm     .   g - +1 pair of gloves {Str+3}
MR       .....     NoTele   +   (no boots)
Stlth    ..........             y - amulet of rage
HPRegen  0.29/turn              c - ring of flight
MPRegen  0.13/turn              X - +5 ring of evasion

@: mighty
A: retaliatory headbutt, horns 2
a: Heroism, Finesse, Renounce Religion, Evoke Berserk Rage, Evoke Flight


You were in a Gauntlet.
You worshipped Okawaru.
Okawaru was exalted by your worship.
You were very hungry.

You visited 2 branches of the dungeon, and saw 15 of its levels.
You also visited: Ossuary and Gauntlet.

You collected 986 gold pieces.
You spent 252 gold pieces at shops.

Inventory:

Hand Weapons
 a - the +10 broad axe of the Ancients (weapon) {freeze, rF+ Dex+4}
   (You found it on level 12 of the Dungeon)

   It has been specially enchanted to freeze those struck by it, causing extra
   injury to most foes and up to half again as much damage against particularly
   susceptible opponents.
   It can also slow down cold-blooded creatures.
   It affects your dexterity (+4).
   It protects you from fire.
 b - a +3 hunting sling of freezing
 Q - a +1 whip of flaming
 T - a +2 trident of pain
 V - a +2 hand axe of flaming
Missiles
 e - 195 sling bullets (quivered)
 o - 43 poisoned darts
Armour
 g - a +1 pair of gloves of strength (worn)
 j - a scarf of resistance
 p - a +0 chain mail of magic resistance
 w - the +0 hat "Miogouro" (worn) {MR- Str+2 Dex+3}
   (You found it in a Gauntlet)

   It affects your strength (+2).
   It affects your dexterity (+3).
   It affects your resistance to hostile enchantments.
 B - the +0 kite shield of Distant Worlds (worn) {rElec Dex+4}
   (Okawaru gifted it to you on level 12 of the Dungeon)

   It affects your dexterity (+4).
   It insulates you from electricity.
 E - a +2 cloak (worn)
 R - a +0 plate armour (worn)
 W - a +0 pair of gloves of archery
Jewellery
 c - a ring of flight (left hand)
 t - an uncursed ring of protection from fire
 y - an amulet of rage (around neck)
 C - an uncursed ring of protection from cold
 X - a +5 ring of evasion (right hand)
Wands
 l - a wand of iceblast (10)
 x - a wand of flame (47)
 A - a wand of polymorph (6)
 J - a wand of disintegration (37)
 N - a wand of digging (5)
 S - a wand of paralysis (5)
Scrolls
 k - 2 scrolls of blinking
 n - 2 scrolls of brand weapon
 u - 2 scrolls of fear
 D - 3 scrolls of amnesia
 H - 4 scrolls of teleportation
 I - 2 scrolls of magic mapping
 L - a scroll of silence
 M - a scroll of enchant armour
 O - 3 scrolls of enchant weapon
 P - a scroll of torment {unknown}
 Z - 2 scrolls of fog
Potions
 d - a potion of might
 h - 3 potions of brilliance
 i - 8 potions of flight
 m - a potion of resistance
 q - 7 potions of curing
 r - a potion of invisibility
 s - 5 potions of cancellation
 v - 2 potions of haste
 z - 3 potions of lignification
 F - 5 potions of stabbing
 G - a potion of ambrosia
 K - a potion of mutation
Comestibles
 f - 22 rations


   Skills:
 + Level 12.8 Fighting
 + Level 11.3(11.8) Axes
 - Level 5.9(9.4) Maces & Flails
 + Level 11.3 Slings
 + Level 12.8 Armour
 + Level 12.9 Shields


You had 12 spell levels left.
You didn't know any spells.
Your spell library contained the following spells:

 Spells                   Type           Power        Failure   Level  Hunger
 Freeze                   Ice            #...         99%         1    ##.....
 Sandblast                Erth           #.....       99%         1    ##.....
 Blink                    Tloc           N/A          100%        2    ###....
 Passwall                 Tmut/Erth      #.......     100%        2    ###....
 Shroud of Golubria       Chrm/Tloc      #.....       100%        2    ###....
 Frozen Ramparts          Ice            #.....       100%        3    ####...
 Gell's Gravitas          Tloc           #.........   100%        3    ####...
 Lesser Beckoning         Tloc           #.........   100%        3    ####...
 Ozocubu's Armour         Chrm/Ice       #.......     100%        3    ####...
 Stone Arrow              Conj/Erth      #.....       100%        3    ####...
 Teleport Other           Tloc           #.......     100%        3    ####...
 Hailstorm                Conj/Ice       #.......     100%        4    #####..
 Passage of Golubria      Tloc           N/A          100%        4    #####..
 Petrify                  Tmut/Erth      #.......     100%        4    #####..
 Summon Ice Beast         Ice/Summ       #.......     100%        4    #####..
 Lee's Rapid Deconstruct  Erth           #.........   100%        5    ######.


Dungeon Overview and Level Annotations

Branches:
Dungeon (14/15)            Temple (1/1) D:5            Lair (0/6) D:10
    Orc (0/2) D:10        Ossuary (visited)         Gauntlet (1/1)
 Vaults: D:13-14

Altars:
Ashenzari
Cheibriados
Dithmenos
Elyvilon
Fedhas
Gozag
Hepliaklqana
Kikubaaqudgha
Makhleb
Nemelex Xobeh
Okawaru
Qazlal
Ru
Sif Muna
Trog
Uskayaw
Vehumet
Wu Jian
Xom
Yredelemnul
Zin
The Shining One

Shops:
D:7 !   D:10 }

Portals:
Trove: D:14 (give +4 shadow dragon scales)

Annotations:
Gauntlet 8 transporters, 3 runed translucent doors


Innate Abilities, Weirdness & Mutations

You reflexively headbutt those who attack you in melee.
You have a pair of horns on your head.


Message History

You enter the transporter and appear at another place.
You open the door.
A minotaur comes into view.
It is wielding the +4 great sword of Zodomn {freeze, rN++} and quivering 18 silver javelins.
The minotaur bellows!
The minotaur throws a silver javelin.
The silver javelin pierces through you!
Found a wand of disintegration (4).
Found a gate leading back out of this place.
You feel very mighty all of a sudden.
The minotaur throws a silver javelin.
The silver javelin pierces through you!
The minotaur throws a silver javelin.
The silver javelin pierces through you!
There is an open door here.
The minotaur throws a silver javelin.
The silver javelin pierces through you!!
The minotaur throws a silver javelin.
The silver javelin pierces through you!!
* * * LOW HITPOINT WARNING * * *
The minotaur hits you with the +4 great sword of Zodomn {freeze, rN++}!!
* * * LOW HITPOINT WARNING * * *
The minotaur freezes you!
You die...

##..# ##########≈..#
#....##.###..#
#.##.##..##...
#.##......#..#
#######.##.##...#..#
#≈≈≈#.#....##.©.#8.#
#≈≈.#.#.##.##...#..#
#≈H@..'(##....©.#∩.#
#≈≈.#.#.##.##...#..#
#≈≈≈#.#....##.©.#8.#
#######.##.##...#..#
#.##......#..#
#.##.##..##...
#....##.###..# #####
####≈..# ##..#


You could see a minotaur.

Vanquished Creatures
  Rupert (D:13)
  Gastronok (D:11)
  Kirke (D:13)
  Nessos (D:12)
  A green death (Gauntlet)
  A blizzard demon (Gauntlet)
  A centaur warrior (D:13)
  Erolcha (D:11)
  4 two-headed ogres
  An unseen horror (D:13)
  Pikel (D:7)
  5 ugly things
  2 manticores (D:12)
  Joseph (D:8)
  6 centaur zombies
  2 gargoyles (D:10)
  Maurice (D:7)
  2 centaur skeletons
  2 ice devils (Gauntlet)
  An efreet (D:13)
  A kobold demonologist (D:12)
  3 trolls
  Grinder (D:4)
  Prince Ribbit (D:7)
  A hornet (D:14)
  3 slime creatures (Gauntlet)
  9 hippogriffs
  A shadow (D:12)
  11 yaks
  3 wyverns
  A basilisk (D:10)
  A human (D:9)
  7 hogs
  6 hungry ghosts
  Grum (D:8)
  4 steam dragons (D:10)
  3 water moccasins
  3 orc warriors
  3 ice beasts
  3 black bears
  5 sky beasts
  4 phantoms
  2 wolves (D:8)
  2 necrophages
  9 centaurs
  4 ogres
  3 crocodiles
  7 big kobolds
  17 bullfrogs
  4 water moccasin zombies
  A gnoll sergeant (D:8)
  8 scorpions
  8 killer bees
  6 wights
  A howler monkey (D:6)
  4 crimson imps
  2 bullfrog zombies
  9 hounds
  3 quasits
  15 orc priests
  7 jellies
  14 orc wizards
  5 bullfrog skeletons
  Jessica (D:3)
  6 iguanas
  Ijyb (D:5)
  3 worker ants
  3 big kobold zombies (Ossuary)
  3 mummies
  A howler monkey zombie (D:7)
  Robin (D:2)
  A worker ant zombie (D:10)
  A howler monkey skeleton (D:5)
  7 gnolls
  11 adders
  5 shadow imps
  A white imp (Gauntlet)
  6 adder zombies (Ossuary)
  An adder skeleton (D:9)
  5 worms
  A dart slug (D:2)
  6 leopard geckos
  80 orcs
  2 ball pythons
  7 giant cockroaches
  2 gnoll zombies (Ossuary)
  15 goblins
  10 hobgoblins
  6 jackals
  34 kobolds
  6 quokkas
  9 bats
  3 frilled lizards
  4 hobgoblin zombies (Ossuary)
  A jackal zombie (D:6)
  3 kobold zombies (Ossuary)
  A leopard gecko skeleton (D:5)
  A leopard gecko zombie (D:7)
  7 orc zombies (Ossuary)
  A quokka skeleton (D:4)
  5 rats
503 creatures vanquished.

Vanquished Creatures (others)
  2 slaves (D:7)
  A centaur (D:7)
  2 wights (D:11)
  A hound (D:7)
  An orc priest (D:7)
  2 orc wizards (D:7)
  2 orcs
  A plant (Gauntlet)
12 creatures vanquished.

Grand Total: 515 creatures vanquished

Notes
Turn   | Place    | Note
-------+----------+-------------------------------------------
     0 | D:1      | Glundar the Minotaur Fighter began the quest for the Orb.
     0 | D:1      | Reached XP level 1. HP: 19/19 MP: 0/0
   203 | D:1      | Reached XP level 2. HP: 27/27 MP: 1/1
   442 | D:1      | Reached skill level 1 in Maces & Flails
   815 | D:2      | Reached XP level 3. HP: 33/33 MP: 2/2
   820 | D:2      | Found a burning altar of Makhleb.
   852 | D:2      | Noticed Robin
   873 | D:2      | Killed Robin
   959 | D:2      | Reached XP level 4. HP: 40/40 MP: 3/3
  1036 | D:2      | Found a shattered altar of Ashenzari.
  2200 | D:3      | Reached skill level 1 in Slings
  2200 | D:3      | Reached XP level 5. HP: 47/47 MP: 4/4
  2260 | D:3      | Noticed Jessica
  2263 | D:3      | Killed Jessica
  2270 | D:3      | Found a shimmering blue altar of Sif Muna.
  2843 | D:4      | Found a sand-covered staircase.
  2856 | Ossuary  | Entered an ossuary
  2882 | Ossuary  | Reached skill level 5 in Armour
  2898 | Ossuary  | Reached XP level 6. HP: 37/55 MP: 5/5
  2910 | Ossuary  | Reached skill level 5 in Fighting
  2910 | Ossuary  | Reached skill level 5 in Shields
  3264 | D:4      | Reached XP level 7. HP: 61/61 MP: 6/6
  3428 | D:4      | Noticed Grinder
  3445 | D:4      | Killed Grinder
  3900 | D:4      | Found a shimmering altar of Xom.
  3901 | D:4      | Found a bloodstained altar of Trog.
  4397 | D:5      | Entered Level 5 of the Dungeon
  4901 | D:5      | Found a staircase to the Ecumenical Temple.
  4911 | Temple   | Entered the Ecumenical Temple
  4950 | Temple   | Became a worshipper of Warmaster Okawaru
  5089 | D:5      | Found a blossoming altar of Fedhas.
  5091 | D:5      | Found a white marble altar of Elyvilon.
  5119 | D:5      | Reached XP level 8. HP: 65/70 MP: 7/7
  5169 | D:5      | Reached skill level 5 in Maces & Flails
  5357 | D:5      | Noticed Ijyb
  5362 | D:5      | Killed Ijyb
  5488 | D:5      | Found a basalt altar of Yredelemnul.
  5832 | D:5      | Reached * piety under Okawaru
  5855 | D:6      | Reached skill level 5 in Slings
  6219 | D:6      | Reached XP level 9. HP: 79/79 MP: 8/8
  6314 | D:6      | Reached ** piety under Okawaru
  6352 | D:6      | Found an opulent altar of Gozag.
  6400 | D:6      | Found a snail-covered altar of Cheibriados.
  6692 | D:7      | Noticed Pikel
  6717 | D:7      | Killed Pikel
  7344 | D:7      | Noticed Prince Ribbit
  7357 | D:7      | Reached *** piety under Okawaru
  7404 | D:7      | Killed Prince Ribbit
  7404 | D:7      | Reached skill level 5 in Axes
  7710 | D:7      | Found Boasirphu's Distillery.
  7716 | D:7      | Bought a potion of heal wounds for 70 gold pieces
  7716 | D:7      | Bought a potion of flight for 42 gold pieces
  7716 | D:7      | Bought a potion of curing for 42 gold pieces
  7716 | D:7      | Bought a potion of degeneration for 14 gold pieces
  7716 | D:7      | Bought a potion of curing for 42 gold pieces
  7716 | D:7      | Bought a potion of curing for 42 gold pieces
  7794 | D:8      | Noticed Grum
  7852 | D:8      | Noticed Maurice
  7892 | D:7      | Reached XP level 10. HP: 53/90 MP: 9/9
  8179 | D:7      | Received a gift from Okawaru
  8183 | D:7      | Killed Maurice
  8353 | D:8      | Found a radiant altar of Vehumet.
  8406 | D:8      | Found a glowing silver altar of Zin.
  8407 | D:8      | Found a shimmering altar of Xom.
  8407 | D:8      | Noticed an angel
  9099 | D:8      | Reached **** piety under Okawaru
  9158 | D:8      | Killed Grum
  9598 | D:8      | Noticed Joseph
  9610 | D:8      | Killed Joseph
 10259 | D:9      | Found a shadowy altar of Dithmenos.
 10284 | D:9      | Noticed a two-headed ogre
 10296 | D:9      | Killed a two-headed ogre
 10296 | D:9      | Reached skill level 10 in Armour
 10296 | D:9      | Reached XP level 11. HP: 69/98 MP: 10/10
 10302 | D:9      | Reached ***** piety under Okawaru
 10831 | D:9      | You fall into a shaft and drop 3 floors!
 10831 | D:12     | Noticed Nessos
 10845 | D:12     | Killed Nessos
 10845 | D:12     | Reached skill level 10 in Fighting
 10845 | D:12     | Reached skill level 10 in Shields
 11146 | D:12     | Noticed a white ugly thing
 11146 | D:12     | Noticed a red ugly thing
 11160 | D:12     | Killed a white ugly thing
 11160 | D:12     | Received a gift from Okawaru
 11166 | D:12     | Killed a green ugly thing
 11282 | D:12     | Identified the +5 war axe "Dragon's Demise" {vorpal, *Slow
                  | Str+3 Dex+5}
 11287 | D:12     | Received a gift from Okawaru
 11290 | D:12     | Got a polished kite shield {god gift}
 11310 | D:12     | Identified the +0 kite shield of Distant Worlds {rElec
                  | Dex+4} (Okawaru gifted it to you on level 12 of the
                  | Dungeon)
 11853 | D:12     | Got a polished broad axe
 11854 | D:12     | Identified the +10 broad axe of the Ancients {freeze, rF+
                  | Dex+4} (You found it on level 12 of the Dungeon)
 12097 | D:11     | Noticed Gastronok
 12119 | D:11     | Killed Gastronok
 12119 | D:11     | Reached XP level 12. HP: 31/110 MP: 11/11
 12464 | D:10     | Entered Level 10 of the Dungeon
 12557 | D:9      | Found a shimmering altar of Xom.
 12770 | D:10     | Found a staircase to the Lair.
 12992 | D:10     | Found Laot's Gadget Shoppe.
 13067 | D:10     | Received a gift from Okawaru
 13113 | D:10     | Reached skill level 10 in Slings
 13133 | D:10     | Found a staircase to the Orcish Mines.
 13157 | D:10     | Noticed a two-headed ogre
 13163 | D:10     | Killed a two-headed ogre
 13163 | D:10     | Reached ****** piety under Okawaru
 13570 | D:10     | Received a gift from Okawaru
 13895 | D:11     | Noticed a two-headed ogre
 13905 | D:11     | Killed a two-headed ogre
 13905 | D:11     | Reached skill level 10 in Axes
 14227 | D:11     | Noticed Erolcha
 14237 | D:11     | Killed Erolcha
 14285 | D:11     | Received a gift from Okawaru
 15152 | D:12     | Received a gift from Okawaru
 15362 | D:13     | Noticed Rupert
 15587 | D:13     | Paralysed by Rupert for 2 turns
 15592 | D:13     | Killed Rupert
 15592 | D:13     | Reached XP level 13. HP: 102/118 MP: 12/12
 16124 | D:13     | Noticed Kirke
 16134 | D:13     | Noticed a sphinx
 16135 | D:13     | Killed Kirke
 16378 | D:13     | Found a glowing golden altar of the Shining One.
 16523 | D:14     | Found a portal to a secret trove of treasure.
 16702 | D:14     | Found a gate leading to a gauntlet.
 16710 | Gauntlet | Entered a Gauntlet
 16710 | Gauntlet | Found a transporter.
 16710 | Gauntlet | Found a transporter.
 16730 | Gauntlet | Found a transporter.
 16739 | Gauntlet | Found a transporter.
 16739 | Gauntlet | Found a transporter.
 16741 | Gauntlet | Found a transporter.
 16741 | Gauntlet | Found a transporter.
 16742 | Gauntlet | Found a transporter.
 16755 | Gauntlet | Found a transporter.
 16770 | Gauntlet | Found a transporter.
 16773 | Gauntlet | Noticed a green death
 16779 | Gauntlet | Found a runed translucent gate.
 16780 | Gauntlet | Found a transporter.
 16780 | Gauntlet | Found a runed translucent gate.
 16781 | Gauntlet | Found a runed translucent gate.
 16794 | Gauntlet | Found a transporter.
 16809 | Gauntlet | Noticed a blizzard demon
 16814 | Gauntlet | Found a transporter.
 16828 | Gauntlet | Found a transporter.
 17008 | Gauntlet | Killed a blizzard demon
 17230 | Gauntlet | Killed a green death
 17243 | Gauntlet | Got a dazzling hat
 17437 | Gauntlet | Identified the +0 hat "Miogouro" {MR- Str+2 Dex+3} (You
                  | found it in a Gauntlet)
 17457 | Gauntlet | Identified the +4 great sword of Zodomn {freeze, rN++}
 17457 | Gauntlet | Noticed a minotaur
 17462 | Gauntlet | Slain by a minotaur

Levels and vault maps discovered:
D:1:      dpeg_arrival_tiny_f, layout_loops_ring
D:2:      layout_loops_ring, bloody_makhleb, grunt_ministairs_14,
          ashenzari_altar_1, uniq_robin
D:3:      layout_loops_cross, tgw_sif, minmay_bisected
D:4:      layout_layer_cave, bloody_trog, gup_ossuary_entry_pyramid,
          xom_teletrap_fun, uniq_grinder
D:5:      layout_basic, overflow_temple_1_default,
          nicolae_overflow_hidden_temple, minmay_temple_entry_tees,
          first_ration, uniq_ijyb
D:6:      layout_cave_pools, slow_altar_2, nicolae_gozag_seed_capital
D:7:      layout_loops_ring, serial_shops, kennysheep_mini_moat,
          uniq_prince_ribbit1, uniq_pikel
D:8:      layout_loops_corners, grunt_temple_overflow_order_and_chaos_1,
          vehumet_crystals, uniq_grum, uniq_joseph, uniq_maurice
D:9:      layout_roguey, nicolae_dithmenos_the_darkroom, basic_altar,
          grunt_livestock, serial_park_tiny_pond
D:10:     cheibrodos_steamvent, layout_loops_ring, david_lair_generic,
          serial_shops, shop_fountains
D:11:     layout_basic, lemuel_flame_loot_1, uniq_gastronok, uniq_erolcha
D:12:     minmay_the_grid_octo_tiled_squarecenter [minmay_the_grid_octo_clover,
          minmay_the_grid_octo_fat_diamond, minmay_the_grid_octo_empty,
          minmay_the_grid_octo_thin_diamonds,
          minmay_the_grid_square_5x5_megaprize_hollow,
          minmay_the_grid_square_5x5_two_walls_b,
          minmay_the_grid_square_5x5_intrusive_squares,
          minmay_the_grid_square_5x5_checkered_sparse,
          minmay_the_grid_square_5x5_meh], layout_small_grid, uniq_nessos
D:13:     layout_roguey, nicolae_tso_carved_into_rock, uniq_rupert, uniq_kirke
D:14:     minmay_gate_of_8, layout_basic, david_vaults_5, lemuel_altar_in_water,
          gauntlet_entry_generic, nicolae_trove_entry_free_sample
Temple:   jpeg_temple_island
Gauntlet: gammafunk_gauntlet_mixed_choke_point
          [minmay_gauntlet_arena_77_two_lines,
          minmay_gauntlet_arena_77_p_blocks, minmay_gauntlet_arena_77_mirror,
          gammafunk_gauntlet_arena_mazey,
          minmay_gauntlet_arena_77_tiled_triplets,
          minmay_gauntlet_arena_77_broken_ladder,
          minmay_gauntlet_arena_77_run_for_it, gauntlet_exit_watery]

Skill      XL: |  1  2  3  4  5  6  7  8  9 10 11 12 13 |
---------------+----------------------------------------+-----
Armour         | 4 5 6 7 8 10 11 12 | 12.8
Maces & Flails | 1 2 3 4 5 |  5.9
Fighting       | 4 5 6 7 8 9 11 12 | 12.8
Shields        | 4 5 6 7 8 9 11 12 | 12.9
Slings         | 1 2 4 5 6 8 9 10 11 | 11.3
Axes           | 5 7 9 10 11 | 11.3

Action                   |  1- 3 |  4- 6 |  7- 9 | 10-12 | 13-15 || total
-------------------------+-------+-------+-------+-------+-------++-------
Melee: Whip              |    83 |   219 |   233 |       |       ||   535
       Headbutt          |    13 |    35 |    73 |   129 |    40 ||   290
       War axe           |       |       |   180 |   343 |       ||   523
       Broad axe         |       |       |       |   207 |   140 ||   347
 Fire: Hunting sling     |       |    61 |    14 |    81 |       ||   156
 Abil: Evoke Flight      |       |       |       |     1 |       ||     1
Evoke: Wand              |       |       |       |     2 |       ||     2
  Use: Scroll            |       |       |     5 |    17 |     2 ||    24
       Potion            |       |       |       |     4 |     3 ||     7
  Eat: Chunk             |       |     7 |    18 |    25 |     5 ||    55
       Ration            |       |       |       |     2 |       ||     2
Armor: Scale mail        |     6 |       |       |       |       ||     6
       Chain mail        |    34 |    92 |   207 |    80 |       ||   413
       Plate armour      |       |       |       |   202 |    56 ||   258
Dodge: Dodged            |    13 |    22 |    93 |   156 |    54 ||   338
Block: Kite shield       |    47 |    77 |   216 |   316 |    94 ||   750

Table legend:
 A = Non-vault XP
 B = Vault XP
 C = Vault XP percentage of total XP
 D = Non-vault monster count
 E = Vault monster count
 F = Vault count percentage of total count
                 A         B        C        D         E       F
            +---------+---------+-------+---------+---------+-------
      Total |   29845 |   21577 |  42.0 |     398 |     106 |  21.0
            +---------+---------+-------+---------+---------+-------
        D:1 |      28 |       0 |   0.0 |      16 |       0 |   0.0
        D:2 |      65 |      49 |  43.0 |      20 |      13 |  39.4
        D:3 |      75 |      53 |  41.4 |      21 |       5 |  19.2
        D:4 |     235 |     295 |  55.7 |      20 |       2 |   9.1
        D:5 |     691 |      35 |   4.8 |      27 |       1 |   3.6
        D:6 |    1497 |       5 |   0.3 |      33 |       1 |   2.9
        D:7 |    1119 |    1317 |  54.1 |      32 |       3 |   8.6
        D:8 |    1617 |     883 |  35.3 |      33 |       4 |  10.8
        D:9 |    2787 |     978 |  26.0 |      34 |       5 |  12.8
       D:10 |    4422 |    1299 |  22.7 |      40 |       7 |  14.9
       D:11 |    2753 |    3166 |  53.5 |      20 |       2 |   9.1
       D:12 |    6382 |    4711 |  42.5 |      41 |      20 |  32.8
       D:13 |    6651 |    5328 |  44.5 |      45 |       5 |  10.0
       D:14 |     764 |       0 |   0.0 |      13 |       0 |   0.0
    Ossuary |       0 |     397 | 100.0 |       0 |      30 | 100.0
   Gauntlet |     759 |    3061 |  80.1 |       3 |       8 |  72.7
            +---------+---------+-------+---------+---------+-------
